 Dungeon Crawl Stone Soup version 0.19.0-11-g3fc08b3 (console) character file.

154 Gottschkopf the Skirmisher (level 5, -2/52 HPs)
             Began as a Minotaur Fighter on Nov 9, 2016.
             Slain by a gnoll
             ... wielding a +0 halberd
              (15 damage)
             ... on level 4 of the Dungeon.
             The game lasted 00:04:35 (1693 turns).

Gottschkopf the Skirmisher (Minotaur Fighter)       Turns: 1693, Time: 00:04:36

Health: -2/52      AC:  6    Str: 22    XL:     5   Next: 13%
Magic:  4/4        EV:  7    Int:  5    God:
Gold:   93         SH:  9    Dex: 11    Spells: 0 memorised, 4 levels left

rFire  . . .     SeeInvis .     a - +0 long sword
rCold  . . .     Gourm    .     o - +0 scale mail (curse)
rNeg   . . .     Faith    .     c - +0 shield
rPois  .         Spirit   .     (helmet restricted)
rElec  .         Reflect  .     (no cloak)
rCorr  .         Harm     .     (no gloves)
MR     .....                    (no boots)
Stlth  ..........               (no amulet)
                                (no ring)
                                u - +2 ring of dexterity

@: no status effects
A: retaliatory headbutt, horns 2
a: no special abilities


You were on level 4 of the Dungeon.
You were not hungry.

You visited 1 branch of the dungeon, and saw 4 of its levels.

You collected 93 gold pieces.

Inventory:

Hand Weapons
 a - a +0 long sword (weapon)
Armour
 c - a +0 shield (worn)
 o - a cursed +0 scale mail (worn)
Jewellery
 u - a +2 ring of dexterity (left hand)
Scrolls
 e - 2 scrolls of remove curse {unknown}
 i - a scroll of random uselessness {unknown}
 n - a scroll of fog {unknown}
 p - a scroll of identify {unknown}
 r - a scroll of noise {unknown}
 t - a scroll of blinking {unknown}
Potions
 b - a potion of lignification {unknown}
 d - 2 potions of might
 h - a potion of ambrosia {unknown}
 j - a potion of agility {unknown}
 k - 3 potions of heal wounds {unknown}
 l - a potion of magic {unknown}
 q - a potion of degeneration {unknown}
 s - a potion of haste {unknown}
Comestibles
 f - 2 bread rations
 g - 5 chunks of flesh
 m - a meat ration


   Skills:
 + Level 7.1 Fighting
 - Level 2.4 Long Blades
 - Level 3.6 Armour
 - Level 3.6 Shields


You had 4 spell levels left.
You didn't know any spells.

Dungeon Overview and Level Annotations

Branches:
Dungeon (4/15)
 Temple: D:4-7

Altars:
Uskayaw

Annotations:
D:3 smajdalf's ghost, amateur TeAE


Innate Abilities, Weirdness & Mutations

You reflexively headbutt those who attack you in melee.
You have a pair of horns on your head.


Message History

You block the gnoll's attack.
You hear the hiss of a very distant avalanche of sand.
You block the gnoll's attack. The gnoll barely misses you.
You riposte.
You hit the gnoll.
The gnoll is heavily wounded.
You barely miss the gnoll.
The gnoll is heavily wounded.
You block the gnoll's attack. x2
You barely miss the gnoll.
The gnoll is heavily wounded.
The gnoll hits you with a spear!
* * * LOW HITPOINT WARNING * * *
You block the gnoll's attack. x2
You are too injured to fight recklessly!
You are too injured to fight recklessly!
You are too injured to fight recklessly!
You barely miss the gnoll.
The gnoll is heavily wounded.
The gnoll hits you from afar with a halberd!
You die...

... ... ... #.#
#.# #g# #g#
#### #@# #..
#.# #.#
######.###.####
#)...........8#
#.####.###.#.)#
#.# #.# # #.#
#.# #.# #.# ..#
#.#


You could see 2 gnolls.

Vanquished Creatures
  A hound (D:4)
  A worker ant (D:4)
  2 adders
  A gnoll (D:4)
  An ooze (D:2)
  2 worms (D:2)
  4 leopard geckos (D:2)
  An orc (D:3)
  6 bats
  2 giant cockroaches (D:2)
  6 goblins
  7 hobgoblins
  6 jackals (D:1)
  A kobold (D:2)
  2 quokkas (D:4)
  2 ball pythons
  3 frilled lizards
  5 rats
53 creatures vanquished.

Notes
Turn   | Place    | Note
-------+----------+-------------------------------------------
     0 | D:1      | Gottschkopf the Minotaur Fighter began the quest for the Orb.
     0 | D:1      | Reached XP level 1. HP: 19/19 MP: 0/0
    18 | D:1      | Reached skill level 4 in Fighting
   147 | D:1      | Reached XP level 2. HP: 23/27 MP: 1/1
   520 | D:2      | Reached skill level 5 in Fighting
   551 | D:2      | Reached XP level 3. HP: 31/36 MP: 2/2
   751 | D:2      | Found a hide-covered altar of Uskayaw.
   934 | D:3      | Noticed smajdalf's ghost (amateur TeAE)
  1343 | D:3      | Reached XP level 4. HP: 44/44 MP: 3/3
  1359 | D:3      | Reached skill level 6 in Fighting
  1555 | D:4      | Reached skill level 7 in Fighting
  1555 | D:4      | Reached XP level 5. HP: 23/52 MP: 4/4
  1693 | D:4      | Slain by a gnoll

Skill      XL: |  1  2  3  4 |
---------------+-------------+-----
Fighting       | 4 5 7 |  7.1
Long Blades    | |  2.4
Armour         | |  3.6
Shields        | |  3.6

Action                   |  1- 3 |  4- 6 || total
-------------------------+-------+-------++-------
Melee: Long sword        |   119 |    35 ||   154
       Headbutt          |    11 |     9 ||    20
  Eat: Chunk             |     1 |     2 ||     3
Armor: Scale mail        |    66 |     9 ||    75
Dodge: Dodged            |    43 |    14 ||    57
Block: Shield            |    68 |    25 ||    93
       Rpst.: Long sword |    12 |     5 ||    17
